 Dungeon Crawl Stone Soup version 0.19-a0-1908-g43c011f (webtiles) character file.

333 Lochraine the Cudgeler (level 6, -4/82 HPs)
             Began as a Minotaur Berserker on Oct 22, 2016.
             Was a Believer of Trog.
             Killed from afar by an orc wizard (9 damage)
             ... with a puff of flame
             ... on level 4 of the Dungeon.
             The game lasted 00:05:44 (2614 turns).

Lochraine the Cudgeler (Minotaur Berserker)         Turns: 2614, Time: 00:05:46

Health: -4/82      AC:  3    Str: 27    XL:     6   Next: 27%
Magic:  5/5        EV: 13    Int:  4    God:    Trog [**....]
Gold:   210        SH:  0    Dex: 11    Spells: 0 memorised, 5 levels left

rFire  . . .     SeeInvis .     a - +0 mace
rCold  . . .     Gourm    .     q - +0 animal skin
rNeg   . . .     Faith    .     (no shield)
rPois  .         Spirit   .     (helmet restricted)
rElec  .         Reflect  .     (no cloak)
rCorr  .         Harm     .     h - +0 pair of gloves
MR     ++...                    (no boots)
Stlth  ..........               (no amulet)
                                (no ring)
                                (no ring)

@: berserking, regenerating, very quick
A: retaliatory headbutt, horns 2
a: Berserk, Trog's Hand, Burn Spellbooks, Renounce Religion


You were on level 4 of the Dungeon.
You worshipped Trog.
Trog was pleased with you.
You were very hungry.

You visited 1 branch of the dungeon, and saw 4 of its levels.

You collected 210 gold pieces.

Inventory:

Hand Weapons
 a - a +0 mace (weapon)
 b - a +0 longbow
Missiles
 y - 12 arrows
Armour
 h - a +0 pair of gloves (worn)
 q - a +0 animal skin (worn)
Jewellery
 o - an uncursed ring of protection from cold {unknown}
Scrolls
 e - a scroll of immolation {unknown}
 i - 2 scrolls of remove curse {unknown}
 m - a scroll of teleportation {unknown}
 r - 2 scrolls of enchant weapon {unknown}
 s - 2 scrolls of amnesia {unknown}
 w - a scroll of fear {unknown}
Potions
 d - a potion of heal wounds {unknown}
 f - 2 potions of degeneration {unknown}
 j - 3 potions of curing {unknown}
 k - a potion of flight {unknown}
 l - 2 potions of invisibility {unknown}
 n - 3 potions of mutation {unknown}
 v - 2 potions of lignification {unknown}
 x - a potion of cancellation {unknown}
 A - a potion of might {unknown}
Books
 t - a book of Cantrips

   Spells                             Type                      Level
   a - Confusing Touch                Hexes                        1
   b - Animate Skeleton               Necromancy                   1
   c - Summon Small Mammal            Summoning                    1
   d - Apportation                    Translocation                1
   Trog disapproves of the use of such an item.
Comestibles
 c - 2 bread rations
 g - 2 meat rations
 p - 2 chunks of flesh
 u - 2 fruits
 z - a slice of pizza


   Skills:
 + Level 4.8 Fighting
 * Level 6.0 Maces & Flails
 + Level 4.5 Armour
 + Level 3.5 Dodging


You had 5 spell levels left.
You didn't know any spells.

Dungeon Overview and Level Annotations

Branches:
Dungeon (4/15)
 Temple: D:4-7

Altars:
Dithmenos
Kikubaaqudgha
Yredelemnul

Shops:
D:4 *


Innate Abilities, Weirdness & Mutations

You reflexively headbutt those who attack you in melee.
You have a pair of horns on your head.


Message History

Your skin crawls.
You feel resistant to hostile enchantments.
You are feeling hungry.
You miss something. Something hits you.
* * * LOW HITPOINT WARNING * * *
You hit something but do no damage. Something hits you.
* * * LOW HITPOINT WARNING * * *
You closely miss something. Your headbutt misses something.
Something hits you but does no damage.
You hear some strange, mumbled words.
A puff of frost appears from out of thin air!
The puff of frost hits you!
* * * LOW HITPOINT WARNING * * *
A red film seems to cover your vision as you go berserk!
You feel yourself moving faster!
You feel mighty!
You are feeling very hungry.
You hear some strange, mumbled words.
A puff of flame appears from out of thin air!
The puff of flame hits you!
You die...

..........#
######..## #..#
.#######..#
<.........#
###########.#
#...........#
#.######)###########
#....o{@.#
##########


You could see an orc.

Vanquished Creatures
  The ghost of Philosophy the Shooter, an amateur CeHu (D:4)
  2 orc wizards (D:4)
  4 adders
  2 oozes
  An adder skeleton (D:4)
  3 worms (D:2)
  3 dart slugs (D:1)
  2 leopard geckos
  4 orcs
  3 ball pythons
  5 bats
  6 giant cockroaches
  7 goblins
  6 hobgoblins
  4 jackals (D:1)
  3 frilled lizards
  7 kobolds
  8 rats
71 creatures vanquished.

Notes
Turn   | Place    | Note
-------+----------+-------------------------------------------
     0 | D:1      | Lochraine the Minotaur Berserker began the quest for the Orb.
     0 | D:1      | Reached XP level 1. HP: 19/19 MP: 0/0
   355 | D:1      | Reached XP level 2. HP: 19/27 MP: 1/1
   534 | D:1      | Reached skill level 4 in Maces & Flails
   846 | D:1      | Reached XP level 3. HP: 30/33 MP: 2/2
  1059 | D:1      | Reached ** piety under Trog
  1530 | D:2      | Reached XP level 4. HP: 40/40 MP: 3/3
  1639 | D:2      | Found a basalt altar of Yredelemnul.
  1642 | D:2      | Found a shadowy altar of Dithmenos.
  1645 | D:2      | Found an ancient bone altar of Kikubaaqudgha.
  2055 | D:3      | Reached skill level 5 in Maces & Flails
  2468 | D:4      | Noticed Philosophy's ghost (amateur CeHu)
  2474 | D:4      | Killed Philosophy's ghost
  2474 | D:4      | Reached XP level 5. HP: 47/47 MP: 4/4
  2475 | D:4      | Reached XP level 6. HP: 53/53 MP: 5/5
  2561 | D:4      | Found Gozag's Platinum Reserve.
  2598 | D:4      | Reached skill level 6 in Maces & Flails
  2614 | D:4      | Killed from afar by an orc wizard

Vault maps used:
D:1:      onia_arrival_mini_spirals
D:2:      grunt_temple_overflow_diamond, kennysheep_generic_room_10
D:4:      kennysheep_mini_moat, first_bread, nicolae_gozag_zags_fifth_avenue,
          uniq_robin

Skill      XL: |  1  2  3  4  5  6 |
---------------+-------------------+-----
Maces & Flails | 4 5 6 |  6.0
Armour         | 3 4 |  4.5
Fighting       | 4 |  4.8
Dodging        | 3 |  3.5

Action                   |  1- 3 |  4- 6 || total
-------------------------+-------+-------++-------
Melee: Mace              |    74 |    87 ||   161
       Headbutt          |     7 |     9 ||    16
Invok: Berserk           |       |     2 ||     2
       Trog's Hand       |       |     1 ||     1
  Eat: Chunk             |     2 |     4 ||     6
Armor: Animal skin       |    20 |    11 ||    31
Dodge: Dodged            |    51 |    56 ||   107
